 Dungeon Crawl Stone Soup version 0.28-a0-622-gbaef9634d7 (webtiles) character file.

Game seed: 10523947697324013555

98595 1994 the Unseen (level 15, 0/94 HPs)
             Began as a Vampire Brigand on Oct 6, 2021.
             Was a Follower of Uskayaw.
             Shot with an arrow by a salamander (2 damage)
             ... on level 2 of the Snake Pit on Oct 7, 2021.
             The game lasted 02:25:38 (34163 turns).

1994 the Unseen (Vampire Brigand)                  Turns: 34163, Time: 02:25:39

Health: 0/94       AC: 18    Str: 10    XL:     15   Next: 75%
Magic:  12/24      EV: 24    Int: 22    God:    Uskayaw [*.....]
Gold:   1371       SH:  7    Dex: 30    Spells: 5/16 levels left

rFire   + . .      SeeInvis +   b - +2 dagger (drain)
rCold   + + .      Faith    +   Q - +0 buckler {rC+}
rNeg    + + +      Spirit   .   v - +2 leather armour of Hadjma {rF+ Int+2}
rPois   ∞          Reflect  .   U - +1 helmet
rElec   .          Harm     .   K - +1 cloak
rCorr   .          Rampage  .   N - +2 pair of gloves "Wicvo" {rC- Dex+6}
Will    ++...                   M - +1 pair of boots of Zealous Knowledge {Dex+2}
Stlth   +++++++++.              r - amulet of faith
HPRegen 0.00/turn               l - +4 ring of protection
MPRegen 0.19/turn               y - ring of Due Proportion {Will+ Int+6 Slay+2}

@: weakened, bloodless, inhibited regen
A: bloodless, fangs 3, see invisible, vampiric 2
a: Bat Form, Revivify, Renounce Religion, Stomp


You were on level 2 of the Snake Pit.
You worshipped Uskayaw.
Uskayaw was pleased with you.
You visited 5 branches of the dungeon, and saw 25 of its levels.
You also visited: Gauntlet and Ice Cave.

You collected 2613 gold pieces.
You spent 1242 gold pieces at shops.

Inventory:

Hand Weapons
 a - a +1 vampiric rapier
 b - a +2 dagger of draining (weapon)
 Z - a +1 short sword of freezing
Missiles
 d - 92 poisoned darts (quivered)
 e - 8 curare-tipped darts
 g - 7 javelins
 m - 2 throwing nets
 G - 14 silver javelins
Armour
 u - a +1 leather armour of resistance
 v - the +2 leather armour of Hadjma (worn) {rF+ Int+2}
   (You found it on level 13 of the Dungeon)

   Int:       It affects your intelligence (+2).
   rF:        It protects you from fire.
 x - the +2 shield of Resistance {rF++ rC++ Will++}
   (You found it on level 13 of the Dungeon)

   rF:        It greatly protects you from fire.
   rC:        It greatly protects you from cold.
   Will:      It greatly increases your willpower.
 K - a +1 cloak (worn)
 M - the +1 pair of boots of Zealous Knowledge (worn) {Dex+2}
   (You found it in a Gauntlet)

   Dex:       It affects your dexterity (+2).
 N - the +2 pair of gloves "Wicvo" (worn) {rC- Dex+6}
   (You found it in a Gauntlet)

   Dex:       It affects your dexterity (+6).
   rC:        It makes you vulnerable to cold.
 Q - a +0 buckler of cold resistance (worn)
 U - a +1 helmet (worn)
Jewellery
 c - a ring of willpower
 k - an amulet of magic regeneration
 l - a +4 ring of protection (left hand)
 o - a ring of fire
 r - an amulet of faith (around neck)
 y - the ring of Due Proportion (right hand) {Will+ Int+6 Slay+2}
   (You found it on level 7 of the Dungeon)

   [ring of intelligence]

   Int:       It affects your intelligence (+6).
   Slay:      It affects your accuracy & damage with ranged weapons and melee
   (+2).
   Will:      It increases your willpower.
Wands
 C - a wand of paralysis (11)
 F - a wand of mindburst (18)
 J - a wand of polymorph (12)
 L - a wand of flame (46)
 S - a wand of charming (16)
 W - a wand of iceblast (7)
 Y - a wand of digging (17)
Scrolls
 f - 8 scrolls of teleportation
 h - 3 scrolls of immolation
 j - 5 scrolls of magic mapping
 q - a scroll of brand weapon
 w - a scroll of fog
 R - 8 scrolls of identify
 V - 4 scrolls of summoning
Potions
 i - 3 potions of might
 n - 2 potions of ambrosia
 p - 3 potions of haste
 s - 11 potions of curing
 t - 5 potions of attraction
 z - 4 potions of heal wounds
 A - 3 potions of cancellation
 B - 4 potions of brilliance
 D - 3 potions of flight
 E - 4 potions of lignification
 H - a potion of invisibility
 I - a potion of magic
 P - 2 potions of berserk rage
 X - a potion of resistance
Miscellaneous
 O - a lightning rod (4/4)
 T - a phial of floods


   Skills:
 + Level 11.0 Fighting
 + Level 12.4 Short Blades
 - Level 7.0 Throwing
 - Level 11.6 Dodging
 + Level 17.2 Stealth
 * Level 4.7 Shields
 - Level 1.0 Spellcasting
 - Level 5.5 Translocations
 - Level 5.0 Transmutations
 - Level 5.0 Earth Magic
 + Level 12.2 Invocations


You had 5 spell levels left.
You knew the following spells:

 Your Spells              Type           Power      Damage    Failure   Level
a - Poisonous Vapours     Pois/Air       2%         N/A       30%         2
b - Sublimation of Blood  Necr           0%         N/A       30%         2
c - Wereblood             Tmut           23%        N/A       4%          2
d - Blink                 Tloc           N/A        N/A       3%          2
e - Passwall              Tmut/Erth      19%        N/A       4%          2
f - Apportation           Tloc           50%        N/A       2%          1

Your spell library contained the following spells:

 Spells                   Type           Power      Damage    Failure   Level
 Beastly Appendage        Tmut           46%        N/A       2%          1
 Gell's Gravitas          Tloc           12%        N/A       6%          3
 Teleport Other           Tloc           25%        N/A       6%          3
 Spider Form              Tmut/Pois      6%         N/A       22%         3
 Stone Arrow              Conj/Erth      24%        3d8       22%         3
 Petrify                  Tmut/Erth      23%        N/A       26%         4
 Corpse Rot               Necr/Air       N/A        N/A       30%         2
 Ensorcelled Hibernation  Hex/Ice        2%         N/A       30%         2
 Scorch                   Fire           2%         2d5       30%         2
 Slow                     Hex            1%         N/A       30%         2
 Confusing Touch          Hex            1%         N/A       52%         3
 Dazzling Flash           Conj/Hex       2%         N/A       52%         3
 Frozen Ramparts          Ice            2%         1d2       52%         3
 Mephitic Cloud           Conj/Pois/Air  1%         N/A       52%         3
 Swiftness                Air            1%         N/A       52%         3
 Animate Armour           Summ/Erth      24%        N/A       58%         4
 Ice Form                 Ice/Tmut       12%        N/A       58%         4
 Leda's Liquefaction      Hex/Erth       6%         N/A       58%         4
 Blade Hands              Tmut           11%        N/A       58%         5
 Lee's Rapid Deconstruct  Erth           11%        3d9*      58%         5
 Flame Wave               Conj/Fire      1%         3d3       90%         4
 Fulminant Prism          Conj/Hex       0%         3d6       90%         4
 Summon Ice Beast         Ice/Summ       1%         N/A       90%         4
 Alistair's Intoxication  Tmut/Pois      8%         N/A       90%         5
 Irradiate                Conj/Tmut      6%         3d16      90%         5
 Yara's Violent Unravell  Hex/Tmut       6%         3d5       90%         5
 Agony                    Necr           1%         N/A       99%         5
 Silence                  Hex/Air        0%         N/A       99%         5
 Dispersal                Tloc           12%        N/A       97%         6
 Statue Form              Tmut/Erth      15%        N/A       99%         6
 Conjure Ball Lightning   Conj/Air       0%         3x3d6     100%        6
 Invisibility             Hex            0%         N/A       100%        6
 Iron Shot                Conj/Erth      6%         9d2       100%        6
 Summon Cactus Giant      Summ           0%         N/A       100%        6
 Discord                  Hex            0%         N/A       100%        8
 Disjunction              Tloc           12%        N/A       100%        8
 Lehudib's Crystal Spear  Conj/Erth      6%         10d3      100%        8


Dungeon Overview and Level Annotations

Branches:
Dungeon (14/15)            Temple (1/1) D:4            Lair (6/6) D:8
  Swamp (0/4) Lair:3        Snake (2/4) Lair:4        Slime (0/5) Lair:6
    Orc (2/2) D:12            Elf (0/3) Orc:2        Vaults (0/5) D:13
  IceCv (visited)         Gauntlet (visited)

Altars:
Ashenzari
Cheibriados
Dithmenos
Fedhas
Gozag
Hepliaklqana
Makhleb
Okawaru
Ru
Sif Muna
Uskayaw
Wu Jian
Xom
Yredelemnul
Zin
The Shining One
Beogh

Shops:
D:5 [=[[   D:9 :([(*   D:10 *   D:11 [   Orc:2 :!=**

Portals:
Trove: D:11 (give +3 shadow dragon scales)

Annotations:
D:3 exclusion: upstairs
D:6 exclusion: upstairs


Innate Abilities, Weirdness & Mutations

You do not regenerate when monsters are visible.
You are frail without blood (-20% HP).
You can heal yourself when you bite living creatures.
You are immune to poison.
You have razor-sharp teeth.
You have supernaturally acute eyesight. (SInv)
You are afflicted with vampirism and can become a bat while bloodless.


Message History

The naga sharpshooter mumbles some strange words.
The naga sharpshooter magically shoots a bolt.
The bolt hits you!!
* * * LOW HITPOINT WARNING * * *
The salamander barely misses you.
Unknown command.
Unknown command.
Unknown command.
You hit the salamander tyrant but do no damage.
You drain the salamander tyrant.
The salamander tyrant is moderately wounded.
The salamander tyrant seems less confused.
The salamander tyrant gazes fiercely through you!
You feel as though you will be weak longer.
You block the salamander tyrant's attack.
The salamander misses you.
Unknown command.
Unknown command.
Okay, then.
Unknown command.
Casting: Passwall (safe; 4% risk of failure)
Confirm with . or Enter, or press ? or * to list all spells.
You blink.
The naga sharpshooter mumbles some strange words.
The naga sharpshooter magically shoots a bolt.
The bolt hits you!!
* * * LOW HITPOINT WARNING * * *
The naga sharpshooter shoots a bolt.
You block the bolt.
The salamander tyrant gazes fiercely through you!
You feel as though you will be weak longer.
Unknown command.
You feel much better.
The naga sharpshooter mumbles some strange words.
The naga sharpshooter magically shoots a bolt.
The bolt hits you!!
* * * LOW HITPOINT WARNING * * *
The naga sharpshooter gestures wildly while chanting.
The salamander wields a +0 shortbow of flaming.
It bursts into flame!
The salamander shoots an arrow.
The arrow hits you.
You die...

.#.....#))### !
#.....#).).#.#
###..######.#.#
#####.####......#.##
#......#.....##....#
#....N.#N....#.....#
##....NNN§....#......
#.....N.#...........#
#...@.N.####..#......
##...#.##..####......
#...#........###.###
##### .......)<...#
............#
#..........##
######.##### ... ....


You could see 3 naga sharpshooters, a salamander tyrant (drained) and 3
salamanders.

Vanquished Creatures
  Rupert (Lair:6)
  An orc warlord (Orc:1)
  2 minotaurs
  The ghost of Xoucvac the Cleaver, a journeyman MiFi of Qazlal (Lair:1)
  An ettin (Orc:2)
  The ghost of Disaer the Grappler, a journeyman TrMo of Jiyva (Lair:2)
  2 fire dragons (D:13)
  2 ice dragons (D:13)
  4 boulder beetles
  14 hydras
  3 catoblepae (Lair:6)
  2 naga warriors
  A death knight (D:12)
  An ogre mage (D:13)
  An anaconda (Snake:1)
  9 two-headed ogres
  A centaur warrior (D:14)
  A tengu warrior (D:13)
  4 orc high priests
  3 naga sharpshooters (Snake:1)
  5 death yaks (Lair:6)
  5 skeletal warriors
  2 bog bodies (IceCv)
  Pikel (D:4)
  4 orc knights (Orc:2)
  A mana viper (Snake:2)
  A deep elf pyromancer (D:13)
  An oklob plant (Lair:6)
  2 manticores (Lair:6)
  An ugly thing (D:13)
  5 orc sorcerers (Orc:2)
  3 cyclopes
  8 elephants (Lair:6)
  An apocalypse crab (Gauntlet)
  9 black mambas
  2 naga magi
  An ice statue (IceCv)
  10 cane toads
  A torpor snail (Lair:4)
  3 gargoyles
  An unseen horror (D:10)
  Maggie (D:8)
  3 anaconda simulacra (IceCv)
  A kobold demonologist (D:12)
  7 komodo dragons
  2 rime drakes
  An efreet (D:13)
  4 trolls
  3 entropy weaver simulacra (IceCv)
  A tyrant leech (Lair:3)
  3 hornets
  30 blink frogs
  21 slime creatures
  Prince Ribbit (D:7)
  A shadow (D:12)
  A dire elephant simulacrum (IceCv)
  3 wraiths
  5 wyverns
  50 yaks
  Eustachio (D:5)
  7 vampire mosquitoes
  3 death yak simulacra (IceCv)
  6 wargs (Orc:1)
  9 nagas
  2 swamp worms (Lair:3)
  An acid dragon (D:14)
  17 water moccasins
  14 orc warriors
  9 ogres
  6 black bears
  2 ice beasts
  2 sky beasts (D:6)
  9 wolves
  3 centaurs
  A phantom (D:6)
  2 kobold brigands
  7 two-headed ogre simulacra (IceCv)
  A scorpion (D:5)
  8 bullfrogs
  2 gnoll sergeants (D:8)
  3 cane toad simulacra
  3 elephant simulacra
  18 killer bees
  6 wights
  6 howler monkeys
  4 centaur zombies
  A bullfrog zombie (D:5)
  2 jellies
  10 orc priests
  2 hounds
  A bullfrog skeleton (D:5)
  30 orc wizards
  5 iguanas
  Natasha (thrice) (D:2)
  2 polar bear simulacra (IceCv)
  4 spriggan simulacra (IceCv)
  6 troll simulacra (IceCv)
  A wolf simulacrum (IceCv)
  Robin (D:2)
  5 adders
  14 gnolls
  6 naga simulacra (IceCv)
  8 white imps
  10 ufetubi
  An adder skeleton (D:4)
  3 worms
  3 dart slugs
  55 orcs
  4 bats
  8 endoplasms
  3 giant cockroaches
  17 goblins
  9 hobgoblins
  14 kobolds
  5 quokkas
  4 ball pythons
  5 frilled lizards
  2 rats (D:2)
  A spectral orc (D:11)
657 creatures vanquished.

Vanquished Creatures (others)
  An orc warrior (Orc:2)
  10 demonic plants (Gauntlet)
  10 fungi
  14 plants
35 creatures vanquished.

Grand Total: 692 creatures vanquished

Notes
Turn   | Place    | Note
-------+----------+-------------------------------------------
     0 | D:1      | 1994 the Vampire Brigand began the quest for the Orb.
     0 | D:1      | Reached XP level 1. HP: 16/16 MP: 1/1
    89 | D:1      | Reached skill level 6 in Stealth
   200 | D:1      | Reached XP level 2. HP: 22/22 MP: 2/2
   748 | D:1      | Found an opulent altar of Gozag.
   918 | D:2      | Gained mutation: You are afflicted with vampirism and can
                  | become a bat while bloodless. [Vampire growth]
   918 | D:2      | Reached XP level 3. HP: 27/27 MP: 3/3
  1356 | D:2      | Reached XP level 4. HP: 33/33 MP: 4/4
  1533 | D:3      | Found a faded altar of an unknown god.
  1536 | D:3      | Noticed Robin
  1569 | D:2      | Killed Robin
  1570 | D:2      | Reached skill level 7 in Stealth
  1630 | D:3      | Noticed Natasha
  1721 | D:2      | Killed Natasha
  1722 | D:2      | Reached XP level 5. HP: 34/39 MP: 5/5
  1749 | D:2      | Noticed Natasha
  1757 | D:2      | Killed Natasha
  1873 | D:2      | Noticed Natasha
  1889 | D:2      | Killed Natasha
  2000 | D:3      | Found a shadowy altar of Dithmenos.
  2143 | D:3      | Found a blossoming altar of Fedhas.
  2159 | D:3      | Reached skill level 8 in Stealth
  2431 | D:4      | Reached XP level 6. HP: 36/46 MP: 6/6
  2936 | D:4      | Reached skill level 5 in Short Blades
  2946 | D:4      | Reached skill level 9 in Stealth
  2946 | D:4      | Reached XP level 7. HP: 30/52 MP: 7/7
  3383 | D:4      | Found a staircase to the Ecumenical Temple.
  3392 | Temple   | Entered the Ecumenical Temple
  3434 | Temple   | Became a worshipper of Uskayaw the Reveller
  3536 | D:5      | Entered Level 5 of the Dungeon
  3554 | D:5      | Noticed Pikel
  3573 | D:4      | Reached * piety under Uskayaw
  3632 | D:4      | Killed Pikel
  3633 | D:4      | Reached skill level 10 in Stealth
  3633 | D:4      | Reached XP level 8. HP: 51/60 MP: 7/9
  3664 | D:4      | Reached ** piety under Uskayaw
  3789 | D:5      | Found Nakuitai's Armour Shop.
  3830 | D:5      | Found Foros's Antique Armour Shop.
  3883 | D:5      | Found Xodar's Armour Emporium.
  3974 | D:5      | Noticed Eustachio
  4008 | D:5      | Killed Eustachio
  4032 | D:5      | Reached skill level 5 in Fighting
  4058 | D:5      | Reached *** piety under Uskayaw
  4121 | D:5      | Found Fammiuw's Jewellery Emporium.
  4131 | D:5      | Found an iron altar of Okawaru.
  4510 | D:5      | Reached XP level 9. HP: 59/68 MP: 6/11
  4667 | D:6      | Reached skill level 5 in Dodging
  5136 | D:6      | Found a snail-covered altar of Cheibriados.
  5664 | D:7      | Identified the ring of Due Proportion {Will+ Int+6 Slay+2}
  5854 | D:7      | Noticed a two-headed ogre
  5905 | D:7      | Identified the +11 flail of Fozxitifuy {freeze, rN+ Int+4}
  5936 | D:7      | Noticed Prince Ribbit
  5967 | D:7      | Killed Prince Ribbit
  5968 | D:7      | Reached skill level 11 in Stealth
  6522 | D:7      | Killed a two-headed ogre
  6523 | D:7      | Reached skill level 5 in Invocations
  6604 | D:7      | Learned a level 2 spell: Poisonous Vapours
  6607 | D:7      | Learned a level 2 spell: Sublimation of Blood
  6610 | D:7      | Learned a level 2 spell: Wereblood
  6904 | D:8      | Reached XP level 10. HP: 53/77 MP: 13/13
  7096 | D:8      | Found a staircase to the Lair.
  7405 | D:8      | Noticed Maggie
  7410 | D:8      | Killed Maggie
  7711 | D:9      | Reached **** piety under Uskayaw
  7718 | D:9      | Reached ***** piety under Uskayaw
  7791 | D:9      | Found Qiaprikul's Book Shop.
  7798 | D:9      | Found Larhion's Weapon Shop.
  7874 | D:9      | Reached skill level 12 in Stealth
  8693 | D:9      | Found a hazy altar of Hepliaklqana.
  8822 | D:9      | Found Sito Koc's Antique Weapon Boutique.
  8868 | D:9      | Noticed a two-headed ogre
  8903 | D:9      | Killed a two-headed ogre
  8961 | D:9      | Found Lohoem's General Store.
  8968 | D:9      | Bought a scroll of fog for 32 gold pieces
  9015 | D:9      | Found Dumafful's Antique Armour Shoppe.
  9024 | D:9      | Bought a shiny buckler for 150 gold pieces
  9103 | D:9      | Bought the Catalogue of Spatial Conjuration for 288 gold
                  | pieces
  9106 | D:9      | Learned a level 2 spell: Blink
  9113 | D:10     | Entered Level 10 of the Dungeon
  9122 | D:10     | Found Zin's Purification Station.
  9382 | D:10     | Noticed a two-headed ogre
  9410 | D:10     | Killed a two-headed ogre
  9411 | D:10     | Reached skill level 1 in Shields
  9411 | D:10     | Reached skill level 1 in Translocations
  9411 | D:10     | Reached XP level 11. HP: 46/68 MP: 16/16
  9920 | D:10     | Found a broken altar of Ashenzari.
 10637 | D:11     | Noticed a six-headed hydra
 10711 | D:11     | Found a gate leading to a gauntlet.
 10721 | D:11     | Noticed a seven-headed hydra
 10723 | Gauntlet | Entered a Gauntlet
 10723 | Gauntlet | Noticed a red ugly thing
 10723 | Gauntlet | Found a transporter.
 10724 | Gauntlet | Noticed a white ugly thing
 10726 | Gauntlet | Found a transporter.
 10740 | Gauntlet | Noticed a great orb of eyes
 10744 | Gauntlet | Found a transporter.
 10745 | Gauntlet | Found a transporter.
 10748 | Gauntlet | Noticed a death scarab
 10753 | Gauntlet | Noticed a death scarab
 10755 | Gauntlet | Found a transporter.
 10775 | Gauntlet | Found a transporter.
 10792 | Gauntlet | Found a transporter.
 10793 | Gauntlet | Found a transporter.
 10793 | Gauntlet | Noticed an obsidian statue
 10799 | Gauntlet | Found a runed translucent gate.
 10800 | Gauntlet | Found a transporter.
 10800 | Gauntlet | Found a transporter.
 10800 | Gauntlet | Found a runed translucent gate.
 10803 | Gauntlet | Found a transporter.
 10808 | Gauntlet | Found a runed translucent gate.
 10809 | Gauntlet | Noticed a sixfirhy
 10811 | Gauntlet | Noticed a sixfirhy
 10833 | Gauntlet | Found a transporter.
 11023 | Gauntlet | Identified the +1 pair of boots of Zealous Knowledge
                  | {Dex+2}
 11310 | Gauntlet | Identified the +2 pair of gloves "Wicvo" {rC- Dex+6}
 11358 | Gauntlet | Noticed a minotaur
 11374 | Gauntlet | Killed a minotaur
 11386 | Gauntlet | Found the +6 shillelagh "Devastator" {shatter}
 11394 | Gauntlet | Upgraded the game from 0.28-a0-616-gdeb3d7f7b4 to
                  | 0.28-a0-622-gbaef9634d7
 11728 | D:11     | Killed a six-headed hydra
 11845 | D:11     | Found Tevonag's Armour Shop.
 12042 | D:11     | Noticed a two-headed ogre
 12077 | D:11     | Killed a two-headed ogre
 12099 | D:11     | Found a portal to a secret trove of treasure.
 12235 | D:11     | Found a basalt altar of Yredelemnul.
 12297 | D:11     | Killed a seven-headed hydra
 12298 | D:11     | Reached skill level 13 in Stealth
 12408 | D:12     | Noticed a death knight
 12413 | D:12     | Killed a death knight
 12511 | D:12     | Found a sacrificial altar of Ru.
 12536 | D:12     | Noticed a two-headed ogre
 12543 | D:12     | Killed a two-headed ogre
 12547 | D:12     | Found a staircase to the Orcish Mines.
 12569 | D:12     | Reached skill level 10 in Short Blades
 12597 | D:12     | Reached XP level 12. HP: 33/75 MP: 15/17
 13354 | D:12     | Noticed a six-headed hydra
 13465 | D:12     | Killed a six-headed hydra
 13918 | Lair:1   | Entered Level 1 of the Lair of Beasts
 13918 | Lair:1   | Noticed a six-headed hydra
 13919 | Lair:1   | Noticed a six-headed hydra
 13929 | Lair:1   | Killed a six-headed hydra
 13934 | Lair:1   | Killed a six-headed hydra
 14033 | Lair:1   | Reached skill level 5 in Translocations
 14039 | Lair:1   | Reached skill level 1 in Spellcasting
 14312 | Lair:1   | Noticed a five-headed hydra
 14332 | Lair:1   | Killed a five-headed hydra
 14582 | Lair:2   | Found a runed translucent gate.
 14583 | Lair:2   | Found a runed translucent gate.
 14890 | Lair:2   | Reached skill level 14 in Stealth
 14914 | Lair:2   | Noticed a minotaur
 14949 | Lair:2   | Found a runed translucent gate.
 14998 | Lair:2   | Noticed Xoucvac's ghost (journeyman MiFi)
 15255 | Lair:2   | Killed a minotaur
 15579 | Lair:2   | Noticed an eight-headed hydra
 15589 | Lair:2   | Killed an eight-headed hydra
 15986 | Lair:2   | Learned a level 2 spell: Passwall
 16333 | Lair:2   | Identified a scroll of acquirement
 16334 | Lair:2   | Acquired a book of Party Tricks
 16338 | Lair:2   | Learned a level 1 spell: Apportation
 16364 | Lair:3   | Reached XP level 13. HP: 80/80 MP: 19/19
 16370 | Lair:3   | Found a frozen archway.
 16392 | Lair:3   | Reached ****** piety under Uskayaw
 16395 | Lair:3   | Reached skill level 1 in Transmutations
 16404 | Lair:3   | Reached skill level 1 in Earth Magic
 16513 | IceCv    | Entered an ice cave
 17483 | IceCv    | HP: 2/80 [entropy weaver simulacrum (10)]
 18961 | Lair:3   | Found a runed translucent door.
 18961 | Lair:3   | Noticed Disaer's ghost (journeyman TrMo)
 19051 | Lair:3   | Found a staircase to the Swamp.
 20155 | Lair:4   | Found a staircase to the Snake Pit.
 21293 | Lair:5   | Reached skill level 15 in Stealth
 21937 | Lair:6   | Entered Level 6 of the Lair of Beasts
 21953 | Lair:6   | Reached skill level 5 in Transmutations
 21960 | Lair:6   | Reached XP level 14. HP: 73/86 MP: 21/21
 22055 | Lair:6   | Reached skill level 5 in Throwing
 22149 | Lair:6   | Reached skill level 5 in Earth Magic
 22150 | Lair:6   | Reached skill level 10 in Invocations
 22201 | Lair:6   | Found a shimmering altar of Xom.
 22234 | Lair:6   | Reached skill level 10 in Dodging
 22536 | Lair:6   | Reached skill level 10 in Fighting
 22800 | Lair:6   | Noticed Rupert
 22804 | Lair:6   | Killed Rupert
 22918 | Lair:6   | Found a staircase to the Slime Pits.
 23962 | Lair:1   | Killed Xoucvac's ghost
 26124 | Lair:2   | Killed Disaer's ghost
 26273 | D:13     | Identified the +2 leather armour of Hadjma {rF+ Int+2}
 26295 | D:13     | Found a gate to the Vaults.
 26304 | D:13     | Reached skill level 16 in Stealth
 26888 | D:13     | Found a runed translucent door.
 26888 | D:13     | Found the +2 shield of Resistance {rF++ rC++ Will++}
 26925 | D:13     | Reached XP level 15. HP: 69/92 MP: 23/23
 26997 | D:13     | Found a runed translucent door.
 28776 | D:14     | Found a shadowy altar of Dithmenos.
 29382 | Orc:1    | Entered Level 1 of the Orcish Mines
 29474 | Orc:2    | Entered Level 2 of the Orcish Mines
 29619 | Orc:1    | Noticed an orc warlord
 30001 | Orc:1    | Killed an orc warlord
 30246 | Orc:1    | Found a burning altar of Makhleb.
 31251 | Orc:2    | Found a staircase to the Elven Halls.
 31574 | Orc:2    | Found Ataecs's Distillery.
 31574 | Orc:2    | Found Atuezin's Jewellery Shoppe.
 32002 | Orc:2    | Reached skill level 17 in Stealth
 32024 | Orc:2    | Found Neniem's General Store.
 32024 | Orc:2    | Found Ely Liwk's Assorted Antiques.
 32030 | Orc:2    | Bought a potion of might for 56 gold pieces
 32034 | Orc:2    | Bought a potion of might for 52 gold pieces
 32034 | Orc:2    | Bought a potion of magic for 104 gold pieces
 32035 | Orc:2    | Bought a bound silver ring for 120 gold pieces
 32035 | Orc:2    | Identified the ring of Mirth {Fly rPois} (You bought it in
                  | a shop on level 2 of the Orcish Mines)
 32210 | Orc:2    | Found Lehot's Book Emporium.
 32573 | D:5      | Bought an amulet of faith for 440 gold pieces
 32583 | D:5      | Acquired a +1 vampiric rapier
 32720 | Snake:1  | Entered Level 1 of the Snake Pit
 34162 | Snake:2  | HP: 1/94 [naga sharpshooter/bolt (23)]
 34163 | Snake:2  | Shot with an arrow by a salamander

Illustrated notes

Levels and vault maps discovered:
D:1:      dpeg_arrival_water_altar, layout_loops_ring, nrook_mini_backslash
D:2:      layout_basic, serial_curves, eino_curves_02, eino_curves_01,
          basic_altar, minmay_pentomino_t4
D:3:      layout_rooms, nicolae_overflow_crystal_walls,
          mainiacjoe_overflow_small_starburst, serial_rivers,
          chequers_serial_rivers_room_a, chequers_serial_rivers_small_b,
          chequers_serial_rivers_small_a, chequers_serial_rivers_room_b,
          chequers_serial_rivers_marsh, chequers_serial_rivers_micro_d,
          ebering_ecumenical_altar_webs, minmay_crystal_room, uniq_natasha,
          uniq_robin
D:4:      layout_loops_corners, minmay_temple_entry_poolview
D:5:      layout_rooms, okawaru_ov_weapons_minmay, serial_shops,
          kennysheep_mini, nicolae_shop_trees, nicolae_square_shop,
          nicolae_take_the_stairs, uniq_eustachio, uniq_pikel
D:6:      layout_layer_cave, amcnicky_altar_gilded
D:7:      layout_basic, uniq_prince_ribbit1
D:8:      layout_loops_ring, dpeg_oklobed_lair, uniq_maggie
D:9:      layout_rooms, lemuel_round_altar, serial_shops,
          nicolae_shop_statue_plus, shop, kennysheep_little_box,
          nicolae_lakefront_shop, shop, grunt_ministairs_13, glass_columns_c,
          eino_jars
D:10:     layout_loops_ring, lemuel_round_altar, zin_purify
D:11:     layout_rooms, enter_trove_3, gauntlet_entry_generic, serial_shops,
          shop, yredelemnul_forgotten_temple_becter
D:12:     layout_cave_pods, orc_0_dummy, nicolae_benzene_ring,
          nicolae_ru_path_of_blood
D:13:     layout_cave_pools, david_vaults_2, minmay_guarded_unrand_resistance
D:14:     layout_roguey, grunt_dithmenos_smoke_and_mirrors
Temple:   bh_familiar_temple
Lair:1:   layout_roguey, serial_bayou_crossing
Lair:2:   layout_layer_cave, maelrawn_ghost_gauntlet_escape
Lair:3:   layout_hall_layers, palyth_hydra_swamp_entry,
          portal_ice_cave_entry_ice_simulacra, hellmonk_ghost_happy_afterlife,
          serial_bayou_pond_d, beast_lair_carwin_11
Lair:4:   layout_gridlike, minmay_snake_entry_six_corridors
Lair:5:   layout_layer_cave, infiniplex_staircase_pool_2
Lair:6:   evilmike_catoblepas_cave, layout_regular_city,
          minmay_slime_entry_oklob_enclosed, basic_altar,
          nicolae_lair_grove_arrangements, uniq_rupert
Snake:1:  layout_chambers
Snake:2:  layout_honeycomb, basic_altar, gammafunk_ghost_necromancy, uniq_louise
Orc:1:    cheibrodos_orc_guarddog, layout_diamond_mine, bloody_makhleb
Orc:2:    grunt_orc_tribal_feast, layout_diamond_mine, serial_shops,
          nicolae_shop_statue_plus, basic_altar

Skill      XL: |  1  2  3  4  5  6  7  8  9 10 11 12 13 14 15 |
---------------+----------------------------------------------+-----
Stealth        | 6 7 8 9 10 11 12 13 14 15 16 17 | 17.2
Fighting       | 2 3 4 5 6 7 8 9 10 11 | 11.0
Short Blades   | 3 4 5 6 7 8 9 10 11 12 | 12.4
Dodging        | 2 3 4 5 6 7 9 10 11 | 11.6
Invocations    | 2 3 5 6 7 8 9 11 12 | 12.2
Shields        | 1 4 |  4.7
Translocations | 1 4 5 |  5.5
Throwing       | 2 4 6 7 |  7.0
Spellcasting   | 1 |  1.0
Transmutations | 5 |  5.0
Earth Magic    | 4 5 |  5.0

Action                   |  1- 3 |  4- 6 |  7- 9 | 10-12 | 13-15 || total
-------------------------+-------+-------+-------+-------+-------++-------
Melee: Dagger            |   100 |   213 |   301 |   756 |  1585 ||  2955
       Punch             |     9 |    28 |    37 |    57 |       ||   131
       Bite              |       |       |       |    69 |   355 ||   424
       Rapier            |       |       |       |       |    72 ||    72
       Short sword       |       |       |       |       |    75 ||    75
       Demon blade       |       |       |       |       |    12 ||    12
Throw: Dart              |     5 |     9 |    44 |    67 |    24 ||   149
       Boomerang         |       |       |       |    31 |     1 ||    32
       Javelin           |       |       |       |    11 |    33 ||    44
 Cast: Blink             |       |       |       |    18 |    28 ||    46
       Passwall          |       |       |       |       |     3 ||     3
Invok: Line Pass         |       |       |     2 |    15 |    37 ||    54
       Stomp             |       |       |     1 |     4 |    18 ||    23
 Abil: Exsanguinate      |       |       |       |     1 |       ||     1
Evoke: Wand              |       |       |       |     9 |    19 ||    28
       Lightning rod     |       |       |       |     3 |       ||     3
  Use: Scroll            |     2 |     1 |     6 |    13 |     6 ||    28
       Potion            |       |       |       |     5 |     2 ||     7
 Stab: Sleeping          |    11 |     6 |    17 |    26 |    97 ||   157
       Distracted        |       |     1 |     1 |     2 |    12 ||    16
       Paralysed         |       |       |     1 |    38 |    77 ||   116
       Confused          |       |       |       |     7 |    23 ||    30
       Petrified         |       |       |       |       |     2 ||     2
       Petrifying        |       |       |       |       |     1 ||     1
Armor: Robe              |    20 |       |       |       |       ||    20
       Leather armour    |       |    71 |    74 |    11 |   187 ||   343
       Steam dragon scal |       |       |       |   145 |    24 ||   169
Dodge: Dodged            |    50 |   135 |   151 |   421 |   777 ||  1534
Block: Buckler           |       |       |       |   105 |   353 ||   458

Table legend: (Time is in decaauts)
 A = Elapsed time spent in this place.
 B = Non-inter-level travel time spent in this place.
 C = Inter-level travel time spent in this place.
 D = Time resting spent in this place.
 E = Time spent auto-exploring this place.
 F = Levels seen in this place.
 G = Mean time per level.
                   A        B        C        D        E       F      G
               +--------+--------+--------+--------+--------+-----+--------+
         Total |  32906 |  30776 |   2130 |   9106 |  12899 |  27 | 1218.7 |
       Dungeon |  16054 |  14810 |   1244 |   3623 |   6454 |  14 | 1146.7 |
        Temple |     53 |     43 |     10 |      0 |     30 |   1 |   53.0 |
          Lair |  10038 |   9323 |    715 |   2697 |   4369 |   6 | 1673.0 |
     Snake Pit |   1386 |   1375 |     11 |    345 |    746 |   2 |  693.0 |
  Orcish Mines |   2866 |   2718 |    148 |   1055 |   1112 |   2 | 1433.0 |
      Ice Cave |   1839 |   1839 |      0 |   1205 |    161 |   1 | 1839.0 |
      Gauntlet |    667 |    667 |      0 |    181 |     27 |   1 |  667.0 |
               +--------+--------+--------+--------+--------+-----+--------+

Top non-repeatable levels by time:
  Lair:2: 3209 daAuts
  Lair:1: 2202 daAuts
    D:13: 2034 daAuts
   IceCv: 1839 daAuts
   Orc:2: 1767 daAuts
     D:8: 1664 daAuts
    D:12: 1468 daAuts
  Lair:6: 1424 daAuts
    D:10: 1424 daAuts
  Lair:3: 1394 daAuts
 Snake:1: 1338 daAuts
     D:6: 1301 daAuts
     D:9: 1253 daAuts
     D:4: 1133 daAuts
   Orc:1: 1099 daAuts
